 Dungeon Crawl Stone Soup version 0.30-a0-341-g682706514a (webtiles) character file.

Game seed: 17012685665091487007

3539 night the Summoner (level 10, 0/60 HPs)
             Began as a Tengu Summoner on Nov 3, 2022.
             Was a Follower of Sif Muna.
             Shot with an arrow by a centaur (9 damage)
             ... on level 7 of the Dungeon on Nov 4, 2022.
             The game lasted 00:24:56 (7279 turns).

night the Summoner (Tengu Summoner)                 Turns: 7279, Time: 00:24:56

Health: 0/60       AC:  5    Str:  8    XL:     10   Next: 8%
Magic:  20/20      EV: 17    Int: 20    God:    Sif Muna [*.....]
Gold:   813        SH:  0    Dex: 15    Spells: 4/21 levels left

rFire   + + .      SeeInvis .    E - +0 dagger (protect)
rCold   x . .      Faith    .    (no shield)
rNeg    + . .      Spirit   .    I - +0 leather armour {rF+}
rPois   .          Reflect  .    (helmet restricted)
rElec   .          Harm     .    y - +0 cloak
rCorr   +          Rampage  .    x - +0 pair of gloves
Will    +....                    (boots unavailable)
Stlth   ++........               e - amulet of regeneration
HPRegen 1.10/turn                k - ring of resist corrosion
MPRegen 0.17/turn                h - ring "Poamixt" {Fire +Blink rN+ Will+}

@: flying quickly and evasively, quick
A: beak, talons 3, nimble flight
a: Renounce Religion, Evoke Blink, Channel Magic


You were on level 7 of the Dungeon.
You worshipped Sif Muna.
Sif Muna was aware of your devotion.
You visited 2 branches of the dungeon, and saw 8 of its levels.

You collected 1341 gold pieces.
You spent 528 gold pieces at shops.

Inventory:

Hand Weapons
 f - a +0 dagger
 E - a +0 dagger of protection (weapon)
Missiles
 c - 31 stones
 t - 3 javelins
 v - 23 poisoned darts
 D - a boomerang
Armour
 p - a +0 robe of fire resistance
 x - a +0 pair of gloves (worn)
 y - a +0 cloak (worn)
 I - a +0 leather armour of fire resistance (worn)
Jewellery
 e - an amulet of regeneration (around neck)
 h - the ring "Poamixt" (right hand) {Fire +Blink rN+ Will+}
   (You acquired it on level 2 of the Dungeon)

   [ring of fire]

   It enhances your fire magic.
   rF:        It protects you from fire.
   rC:        It makes you vulnerable to cold.
   rN:        It protects you from negative energy.
   +Blink:    It lets you blink.
   Will:      It increases your willpower.
 i - a ring of ice
 k - a ring of resist corrosion (left hand)
Wands
 l - a wand of charming (3)
 r - a wand of flame (24)
 B - a wand of digging (4)
 C - a wand of roots (9)
Scrolls
 a - 5 scrolls of teleportation
 d - 3 scrolls of identify
 m - a scroll of fear
 s - 2 scrolls of fog
 u - a scroll of torment
 z - 2 scrolls of poison
 F - a scroll of enchant armour {unknown}
 G - a scroll of enchant weapon {unknown}
 H - a scroll of vulnerability {unknown}
Potions
 b - a potion of magic
 g - a potion of cancellation
 j - 3 potions of invisibility
 n - a potion of might
 o - 2 potions of curing
 q - 4 potions of heal wounds
 w - a potion of flight {unknown}
 A - a potion of lignification {unknown}
 J - a potion of ambrosia {unknown}


   Skills:
 + Level 6.1 Fighting
 + Level 6.6 Long Blades
 + Level 7.1 Dodging
 - Level 2.0 Stealth
 + Level 6.0 Spellcasting
 + Level 0.7 Hexes
 + Level 8.9 Summonings
 + Level 1.2 Necromancy


You had 4 spell levels left.
You knew the following spells:

 Your Spells              Type           Power      Damage    Failure   Level
a - Summon Small Mammal   Summ           100%       N/A       1%          1
b - Call Imp              Summ           41%        N/A       1%          2
c - Call Canine Familiar  Summ           41%        N/A       1%          3
d - Summon Guardian Gole  Hex/Summ       25%        N/A       6%          3
e - Summon Lightning Spi  Summ/Air       23%        N/A       24%         4
f - Animate Dead          Necr           11%        N/A       65%         4

Your spell library contained the following spells:

 Spells                   Type           Power      Damage    Failure   Level
 Necrotise                Necr           44%        1d6       9%          1
 Apportation              Tloc           12%        N/A       16%         1
 Beastly Appendage        Tmut           12%        N/A       16%         1
 Magic Dart               Conj           24%        1d4       16%         1
 Wereblood                Tmut           6%         N/A       22%         2
 Mephitic Cloud           Conj/Pois/Air  6%         N/A       41%         3
 Spider Form              Tmut/Pois      6%         N/A       41%         3
 Haunt                    Necr/Summ      13%        N/A       100%        7
 Orb of Destruction       Conj           3%         9d5       100%        7
 Spellforged Servitor     Conj/Summ      11%        N/A       100%        7
 Infestation              Necr           5%         N/A       100%        8


Dungeon Overview and Level Annotations

Branches:
Dungeon (7/15)             Temple (1/1) D:5

Altars:
Cheibriados
Dithmenos
Elyvilon
Fedhas
Gozag
Kikubaaqudgha
Makhleb
Nemelex Xobeh
Okawaru
Qazlal
Ru
Sif Muna
Vehumet
Wu Jian
Xom
Yredelemnul
Zin
The Shining One

Shops:
D:2 :

Annotations:
D:7 Duvessa, Pikel


Innate Abilities, Weirdness & Mutations

You have a beak for a mouth.
You have claws for feet.
Your magical nature lets you fly swiftly and evasively.


Message History

You hit the killer bee.
Your weapon exudes an aura of protection.
You claw the killer bee.
The killer bee is almost dead.
The killer bee completely misses you. The killer bee barely misses you.
You barely miss the killer bee. You claw the killer bee.
You kill the killer bee!
Sif Muna accepts your kill.
Your Spellcasting skill increases to level 6!
You see here a killer bee corpse.
You start resting.
Magic restored.
The centaur shouts!
Pikel shouts!
The centaur shoots an arrow.
The arrow closely misses you.
You hear a shout! x3
The centaur shoots an arrow.
The arrow closely misses you.
The centaur shoots an arrow.
The arrow barely misses you.
You hear a shout! x2
The centaur shoots an arrow.
The arrow completely misses you.
The centaur shoots an arrow.
The arrow closely misses you.
The centaur shouts!
The centaur shoots an arrow.
The arrow misses you.
The centaur shoots an arrow.
The arrow misses you.
The centaur shoots an arrow.
The arrow completely misses you.
The centaur shoots an arrow.
The arrow closely misses you.
The centaur shoots an arrow.
The arrow closely misses you.
The centaur shoots an arrow.
The arrow hits you!
The centaur shoots an arrow.
The arrow hits you!
The centaur shoots an arrow.
The arrow hits you!
The centaur shoots an arrow.
The arrow hits you.
You hear a shout!
The lemure shouts!
An orc wizard comes into view. It is wielding a +0 dagger.
The lemure shouts!
The orc wizard shouts!
You hear a shout! x2
The centaur shoots an arrow.
The arrow hits you but does no damage.
The centaur shoots an arrow.
The arrow hits you!
The centaur shoots an arrow.
The arrow hits you!
* * * LOW HITPOINT WARNING * * *
The centaur shoots an arrow.
The arrow closely misses you.
The centaur shoots an arrow.
The arrow hits you!
You die...

.≈~≈~≈... #≈~≈~≈K..
#≈~≈~≈5≈≈ #≈c≈c≈≈5~ ≈~
##≈c≈≈~≈≈≈ ≈~≈. #.≈≈o≈≈~~~
~≈≈.## ###.~≈≈~≈≈≈≈ ≈≈~...
#...###..#.. ..... ###.#@#
...# ##... #...#.# #.# #...
#.###.# # #... #.# #.# #...
#######.# #†# ######### ####
#.......###.###.8.##..######
..######.)...#.....#....)...
####.##8....'..#.####
#..#∩.8_.')...#


You could see Pikel and 3 centaurs.

Vanquished Creatures
  2 centaurs
  A necrophage (D:5)
  A killer bee (D:7)
  A hound (D:5)
  An orc priest (D:6)
  An iguana (D:6)
  An adder (D:4)
  A white imp (D:6)
  2 dart slugs
  3 orcs (D:6)
  3 endoplasms
  2 giant cockroaches (D:2)
  3 goblins (D:2)
  2 hobgoblins
  2 jackals (D:4)
  A quokka (D:4)
  3 ball pythons
  A bat (D:3)
  3 frilled lizards
  6 kobolds
40 creatures vanquished.

Vanquished Creatures (collateral kills)
  The ghost of KayVoo the Arsonist, a novice DrCA of Ignis (D:7)
  Sigmund (D:2)
  A steam dragon (D:7)
  An ogre (D:3)
  A bullfrog (D:5)
  2 scorpions (D:5)
  2 killer bees (D:7)
  A jelly (D:6)
  An orc wizard (D:6)
  4 adders
  3 gnolls (D:7)
  2 white imps (D:7)
  An ufetubus (D:4)
  A worm (D:3)
  2 dart slugs (D:2)
  7 orcs
  2 ball pythons
  6 endoplasms
  3 giant cockroaches
  2 goblins
  2 hobgoblins
  11 jackals
  2 bats
  2 frilled lizards
  10 kobolds
  5 rats
76 creatures vanquished.

Vanquished Creatures (others)
  Joseph (D:7)
  An unseen horror (D:7)
  Grinder (D:4)
  The ghost of Lanoc the Tormented, an amateur DsNe of Kikubaaqudgha (D:5)
  A vampire mosquito (D:7)
  A black bear (D:4)
  An ice beast (D:7)
  An ogre (D:6)
  A kobold brigand (D:5)
  A scorpion (D:4)
  2 killer bees (D:7)
  A jelly (D:7)
  Crazy Yiuf (D:4)
  3 iguanas
  A gnoll bouda (D:7)
  3 gnolls (D:5)
  3 kobolds
  2 fungi (D:5)
  2 plants (D:5)
28 creatures vanquished.

Grand Total: 144 creatures vanquished

Notes
Turn   | Place    | Note
-------+----------+-------------------------------------------
     0 | D:1      | night the Tengu Summoner began the quest for the Orb.
     0 | D:1      | Reached XP level 1. HP: 10/10 MP: 4/4
   481 | D:1      | Reached XP level 2. HP: 16/16 MP: 4/6
   484 | D:1      | Learned a level 2 spell: Call Imp
   590 | D:1      | Reached skill level 5 in Summonings
  1108 | D:1      | Reached skill level 1 in Long Blades
  1117 | D:1      | Reached skill level 1 in Fighting
  1117 | D:1      | Reached XP level 3. HP: 20/20 MP: 1/7
  1202 | D:2      | Found Pemiafom's Book Emporium.
  1317 | D:2      | Noticed Sigmund
  1344 | D:2      | Killed Sigmund
  1345 | D:2      | Reached skill level 2 in Fighting
  1345 | D:2      | Reached skill level 2 in Long Blades
  1345 | D:2      | Reached XP level 4. HP: 14/26 MP: 1/9
  1345 | D:2      | Gained mutation: Your magical nature lets you fly swiftly
                  | and evasively. [Tengu growth]
  1345 | D:2      | Reached XP level 5. HP: 16/30 MP: 1/10
  1563 | D:2      | Learned a level 3 spell: Call Canine Familiar
  1567 | D:2      | Learned a level 3 spell: Summon Guardian Golem
  1660 | D:2      | Reached XP level 6. HP: 35/35 MP: 11/11
  1679 | D:2      | Identified a scroll of acquirement
  1679 | D:2      | Acquired 744 gold pieces
  1842 | D:2      | Found a faded altar of an unknown god.
  1862 | D:2      | Acquired the ring "Poamixt" {Fire +Blink rN+ Will+}
  2642 | D:3      | Found an opulent altar of Gozag.
  2728 | D:3      | Reached skill level 6 in Summonings
  3034 | D:4      | Noticed Grinder
  3055 | D:4      | Killed Grinder
  3056 | D:4      | Reached XP level 7. HP: 41/41 MP: 5/13
  3267 | D:4      | Found a stormy altar of Qazlal.
  3476 | D:4      | Found an ornate altar of the Wu Jian Council.
  3882 | D:4      | Found a runed translucent door.
  3883 | D:4      | Noticed Crazy Yiuf
  3896 | D:4      | Killed Crazy Yiuf
  4067 | D:5      | Entered Level 5 of the Dungeon
  4103 | D:5      | Found a burning altar of Makhleb.
  4197 | D:5      | Reached XP level 8. HP: 48/48 MP: 6/15
  4427 | D:5      | Found a runed translucent gate.
  4428 | D:5      | Found a runed translucent gate.
  4430 | D:5      | Found a runed translucent gate.
  4438 | D:5      | Noticed Lanoc's ghost (amateur DsNe)
  4485 | D:5      | Killed Lanoc's ghost
  4486 | D:5      | Reached skill level 5 in Dodging
  4486 | D:5      | Reached skill level 7 in Summonings
  4607 | D:5      | Found a staircase to the Ecumenical Temple.
  4614 | Temple   | Entered the Ecumenical Temple
  4856 | Temple   | Became a worshipper of Sif Muna the Loreminder
  5106 | D:5      | Found a glowing golden altar of the Shining One.
  5515 | D:6      | Reached skill level 5 in Long Blades
  5936 | D:6      | Found a blossoming altar of Fedhas.
  6024 | D:6      | Found a radiant altar of Vehumet.
  6158 | D:7      | Reached XP level 9. HP: 29/52 MP: 10/17
  6355 | D:7      | Found a glowing silver altar of Zin.
  6364 | D:7      | Found a runed translucent gate.
  6365 | D:7      | Found a runed translucent gate.
  6366 | D:7      | Found a runed translucent gate.
  6366 | D:7      | Found an opulent altar of Gozag.
  6369 | D:7      | Noticed KayVoo's ghost (novice DrCA)
  6402 | D:7      | Killed an unseen horror
  6402 | D:7      | Reached * piety under Sif Muna
  6403 | D:7      | Reached skill level 5 in Fighting
  6403 | D:7      | Reached skill level 5 in Spellcasting
  6403 | D:7      | Reached skill level 8 in Summonings
  6448 | D:7      | Killed KayVoo's ghost
  6610 | D:7      | Noticed Joseph
  6628 | D:7      | Killed Joseph
  6713 | D:2      | Bought a book of Death for 528 gold pieces
  6718 | D:2      | Learned a level 4 spell: Summon Lightning Spire
  6723 | D:2      | Learned a level 4 spell: Animate Dead
  7007 | D:7      | Noticed Pikel
  7029 | D:7      | Reached XP level 10. HP: 60/60 MP: 13/19
  7085 | D:7      | Reached skill level 1 in Necromancy
  7164 | D:7      | Noticed Duvessa
  7278 | D:7      | HP: 8/60 [centaur/arrow (12)]
  7279 | D:7      | Shot with an arrow by a centaur

Illustrated notes

Levels and vault maps discovered:
D:1:      elethiomel_arrival_maze, layout_basic, serial_forest,
          infiniplex_forest_lined_1, infiniplex_forest_corner_1,
          infiniplex_forest_lined_2, infiniplex_forest_straight_3,
          infiniplex_forest_straight_4, infiniplex_forest_end_3,
          infiniplex_forest_lined_2
D:2:      layout_rooms, hellmonk_ecumenical_altar_lost_god, serial_shops,
          shop_statue, dreamdust_princess_corridor, minmay_diced_spiral,
          uniq_sigmund
D:3:      layout_rooms, general_overflow_altar, minmay_misc_feat_chi,
          chequers_serial_rivers_micro_d, st_stairs_3, minmay_strange_pillars
D:4:      layout_loops_ring, amcnicky_altar_gilded,
          mainiacjoe_overflow_brackets, uniq_grinder, uniq_crazy_yiuf_cottage
D:5:      layout_gridville, mainiacjoe_overflow_boulevard,
          mainiacjoe_overflow_surrounded_room, temple_green,
          gammafunk_ghost_nasty_kobolds, nicolae_underground_beach
D:6:      layout_rooms, mainiacjoe_overflow_alcove_4,
          nicolae_overflow_hidden_temple, hex_intersection, minmay_liquid_box
D:7:      nicolae_whirlpool, layout_rooms, kennysheep_mini_moat,
          lightli_temple_of_fire, nzn_hepliaklqana_mist_gate,
          ebering_ghost_gozag, uniq_menkaure, uniq_joseph, uniq_pikel,
          uniq_duvessa
Temple:   dpeg_chambers_temple

Skill      XL: |  1  2  3  4  5  6  7  8  9 10 |
---------------+-------------------------------+-----
Summonings     | 5 6 7 8 |  8.9
Long Blades    | 1 2 3 4 5 6 |  6.6
Fighting       | 1 2 3 4 5 6 |  6.1
Dodging        | 3 4 5 7 |  7.1
Spellcasting   | 3 4 5 6 |  6.0
Necromancy     | 1 |  1.2
Stealth        | |  2.0
Hexes          | |  0.7

Action                   |  1- 3 |  4- 6 |  7- 9 | 10-12 || total
-------------------------+-------+-------+-------+-------++-------
Melee: Dagger            |    24 |    47 |   118 |    11 ||   200
       Kick              |     6 |    11 |    37 |     2 ||    56
       Peck              |     3 |    10 |    29 |     1 ||    43
       Punch             |       |       |     3 |       ||     3
 Cast: Summon Small Mamm |    23 |    11 |    28 |     4 ||    66
       Call Imp          |    11 |    12 |    19 |     2 ||    44
       Call Canine Famil |       |    11 |    21 |     3 ||    35
       Summon Guardian G |       |     3 |    23 |     4 ||    30
  Use: Potion            |     1 |       |       |       ||     1
       Scroll            |       |     5 |     7 |       ||    12
 Stab: Sleeping          |       |     4 |     1 |       ||     5
       Distracted        |       |       |     1 |       ||     1
Armor: Robe              |    16 |    10 |    24 |       ||    50
       Leather armour    |       |       |    14 |     3 ||    17
Dodge: Dodged            |    30 |    52 |   132 |    42 ||   256

Table legend: (Time is in decaauts)
 A = Elapsed time spent in this place.
 B = Non-inter-level travel time spent in this place.
 C = Inter-level travel time spent in this place.
 D = Time resting spent in this place.
 E = Time spent auto-exploring this place.
 F = Levels seen in this place.
 G = Mean time per level.
                   A        B        C        D        E       F      G
               +--------+--------+--------+--------+--------+-----+--------+
         Total |   6915 |   6534 |    381 |    501 |   4514 |   8 |  864.4 |
       Dungeon |   6672 |   6358 |    314 |    501 |   4346 |   7 |  953.1 |
        Temple |    243 |    177 |     66 |      0 |    167 |   1 |  243.0 |
               +--------+--------+--------+--------+--------+-----+--------+

Top non-repeatable levels by time:
     D:1: 1180 daAuts
     D:4: 1098 daAuts
     D:5: 1051 daAuts
     D:2: 959 daAuts
     D:7: 937 daAuts
     D:3: 773 daAuts
     D:6: 672 daAuts
  Temple: 243 daAuts
